Map: Shrines of Lizul

Players

Zlayer

  • Race: Terran Terran
  • Spawn Location: 9:00

PreZ

  • Race: Zerg Zerg
  • Spawn Location: 6:00

Musumeci

  • Race: Zerg Zerg
  • League: Diamond
  • Spawn Location: 12:00

MichyMoko

  • Race: Zerg Zerg
  • Spawn Location: 3:00

VOD

Have the link to the VOD?

Description

Time

  • Played on: Jan. 1, 2017, 11:05 a.m.
  • Length: 5:21
Show
View Real Time Build Order
Export as new Build Order

Zlayer Terran 

Build Orders: Cyclone Opening 

Get SALT Encoding   

  12  0:01  SCV  
  13  0:13  SCV  
  14  0:18  Supply Depot  
  14  0:25  SCV  
  15  0:35  Refinery  
  15  0:40  SCV  
  16  0:47  Barracks  
  16  0:52  SCV  
  17  0:59  Refinery  
  17  1:04  SCV  
  18  1:16  SCV  
  19  1:28  SCV  
  20  1:35  Marine  
  20  1:38  Factory  
  21  1:50  Orbital Command  
  21  2:01  Supply Depot  
  21  2:03  Barracks Reactor  
  21  2:25  Factory  
  21  2:30  Cyclone  
  24  2:38  Supply Depot  
  24  3:26  Cyclone x3  
  33  3:55  Command Center  
  33  3:58  SCV, Cyclone x2  
  40  4:12  Hellion  
  40  4:14  SCV  
  43  4:30  Hellion  
  45  4:54  Supply Depot  
Show
View Real Time Build Order
Export as new Build Order

PreZ Zerg 

Build Orders: Pool First, Zergling Baneling 

Get SALT Encoding   

  12  0:01  Drone  
  13  0:10  Drone  
  14  0:18  Overlord  
  14  0:26  Drone, Extractor  
  15  0:36  Drone x2  
  17  0:48  Spawning Pool  
  17  0:50  Drone  
  17  0:54  Extractor  
  17  0:56  Drone  
  17  1:05  Drone  
  18  1:16  Overlord  
  18  1:27  Drone  
  19  1:35  Queen  
  21  1:49  Zergling x2  
  21  1:51  Zergling x2  
  21  1:53  Hatchery  
  22  2:05  Drone  
  22  2:06  Metabolic Boost  
  23  2:12  Queen  
  25  2:27  Zergling x2  
  25  2:28  Zergling x2  
  27  2:33  Drone  
  27  2:34  Baneling Nest  
  27  2:42  Zergling x2  
  28  2:46  Zergling x4  
  28  2:48  Overlord  
  29  3:12  Drone x3  
  30  3:22  Drone  
  28  3:40  Queen  
  30  3:58  Baneling x3  
  30  3:59  Baneling  
  30  4:02  Hatchery  
  30  4:08  Zergling x8  
  32  4:37  Zergling x4  
  32  4:40  Baneling x2  
  32  4:41  Baneling  
  32  4:43  Baneling  
  31  5:04  Hatchery  
  31  5:05  Drone x3  
Show
View Real Time Build Order
Export as new Build Order

Musumeci Zerg 

Build Orders: Hatch First 

Get SALT Encoding   

  12  0:01  Drone  
  13  0:08  Drone  
  14  0:17  Drone, Extractor  
  15  0:46  Hatchery  
  14  0:53  Extractor  
  13  0:58  Drone  
  14  1:06  Spawning Pool  
  14  1:15  Extractor  
  14  1:16  Drone x2, Extractor  
  15  1:26  Overlord  
  15  1:55  Zergling x6  
  15  1:56  Queen  
  20  2:09  Zergling x2  
  20  2:10  Zergling x4  
  23  2:22  Metabolic Boost  
  23  2:27  Queen  
  25  2:42  Drone x2  
  25  2:43  Drone  
  25  3:21  Drone  
  25  3:22  Drone x5, Extractor, Roach Warren  
  26  3:42  Zergling x4  
  28  3:50  Overlord  
  27  4:08  Roach x4  
  33  4:25  Roach  
  35  4:36  Zergling x16  
  35  4:37  Zergling x2  
  29  4:48  Zergling x4  
  29  4:49  Zergling x4  
  31  5:02  Overlord  
  31  5:03  Overlord  
Show
View Real Time Build Order
Export as new Build Order

MichyMoko Zerg 

Build Orders: Hatch First 

Get SALT Encoding   

  12  0:01  Drone  
  13  0:12  Overlord  
  13  0:21  Drone  
  14  0:32  Drone x2  
  16  0:38  Drone  
  17  0:58  Hatchery  
  17  0:59  Drone  
  17  1:14  Spawning Pool  
  17  1:16  Drone  
  17  1:22  Drone, Extractor  
  17  1:23  Drone  
  18  1:36  Drone  
  19  1:41  Drone  
  20  1:52  Drone  
  21  2:02  Overlord  
  21  2:09  Queen  
  21  2:10  Queen  
  21  2:12  Zergling x4  
  27  2:26  Zergling x2  
  27  2:27  Zergling x2  
  29  2:32  Drone  
  30  2:38  Drone  
  31  2:44  Drone x2  
  33  3:03  Queen  
  35  3:08  Drone  
  35  3:09  Overlord x2  
  35  3:16  Zergling x2  
  34  3:32  Zergling x4  
  35  3:48  Zergling x16  
  41  4:18  Roach Warren  
  38  4:37  Zergling x14  
  38  4:38  Zergling x6  
  39  4:49  Zergling x8  
Tags
 
Add a new tag
Caveats
  • Supply blocks, unpowered buildings, or Contaminate may cause inaccurate times.
  • Supply counts are checked every 10 seconds.